 Dungeon Crawl Stone Soup version 0.21.1-1-g345015fe64 (webtiles) character file.

893 Revguard the Conjurer (level 7, -15/57 HPs)
             Began as a Purple Draconian Conjurer on June 12, 2018.
             Demolished by nulman's ghost (19 damage)
             ... on level 4 of the Dungeon on June 13, 2018.
             The game lasted 00:33:41 (4733 turns).

Revguard the Conjurer (Purple Draconian Conjurer)   Turns: 4733, Time: 00:33:42

Health: -15/57     AC:  8    Str: 10      XL:     7   Next: 78%
Magic:  7/13       EV: 13    Int: 15 (16) God:
Gold:   182        SH:  0    Dex: 13      Spells: 8/15 levels left

rFire    . . .     SeeInvis .   g - +0 spear
rCold    . . .     Gourm    .   (no shield)
rNeg     . . .     Faith    .   (armour unavailable)
rPois    .         Spirit   .   (helmet restricted)
rElec    .         Reflect  .   p - +1 cloak
rCorr    .         Harm     .   (no gloves)
MR       +....                  (no boots)
Stlth    +.........             (no amulet)
HPRegen  0.19/turn              (no ring)
MPRegen  0.13/turn              (no ring)

@: very slightly contaminated, starving, hasted, slow
A: breathe power, unfitting armour, cold-blooded, AC +6
a: Breathe Dispelling Energy


You were on level 4 of the Dungeon.
You were starving.

You visited 1 branch of the dungeon, and saw 4 of its levels.
You also visited: Sewer.

You collected 182 gold pieces.

Inventory:

Hand Weapons
 g - a +0 spear (weapon)
Armour
 p - a +1 cloak (worn)
Jewellery
 b - an uncursed ring of fire
Wands
 k - a wand of disintegration (6)
Scrolls
 d - 4 scrolls of remove curse
 f - a scroll of identify
 i - 3 scrolls of magic mapping
Potions
 c - a potion of resistance
 e - a potion of degeneration
 n - a potion of agility
Books
 a - a book of Conjurations

   Spells                             Type                      Level
   a - Magic Dart                     Conjuration                  1
   b - Searing Ray                    Conjuration                  2
   c - Dazzling Spray                 Conjuration/Hexes            3
   d - Fulminant Prism                Conjuration/Hexes            4
   e - Force Lance                    Conjuration/Translocation    4
   f - Iskenderun's Mystic Blast      Conjuration                  4


   Skills:
 * Level 3.3 Fighting
 * Level 4.1 Polearms
 + Level 3.5 Dodging
 + Level 2.6 Stealth
 * Level 4.5 Spellcasting
 + Level 5.1 Conjurations
 * Level 2.8 Hexes
 - Level 0.6 Evocations


You had 8 spell levels left.
You knew the following spells:

 Your Spells              Type           Power        Failure   Level  Hunger
a - Magic Dart            Conj           ###.         1%          1    None
b - Searing Ray           Conj           ###...       3%          2    ##.....
c - Fulminant Prism       Conj/Hex       ###.......   32%         4    ####...


Dungeon Overview and Level Annotations

Branches:
Dungeon (4/15)
 Temple: D:4-7

Altars:

Annotations:
D:4 nulman's ghost, amateur TrAK


Innate Abilities, Weirdness & Mutations

You can breathe bolts of dispelling energy.
Your rich purple scales are hard. (AC +6)
You cannot fit into any form of body armour.
You are cold-blooded and may be slowed by cold attacks.


Message History

Press: ? - help, Dir - move target cursor Splash!
You are very lightly contaminated with residual magic.
As you read the scroll labeled XOALLE IBUA, it crumbles to dust.
It was a scroll of blinking.
Nulman's ghost barely misses you. Nulman's ghost hits you!
* * * LOW HITPOINT WARNING * * *
Nulman's ghost hits you.
* * * LOW HITPOINT WARNING * * *
Nulman's ghost proudly claims, "A renegade god deserves renegade ghosts."
Nulman's ghost hits you but does no damage.
Nulman's ghost hits you but does no damage.
Nulman's ghost closely misses you. Nulman's ghost closely misses you.
You see here an adder skeleton.
Nulman's ghost says, "Very impressive.
But it won't help.
Nothing will."
Nulman's ghost barely misses you.
The ogre shouts!
You feel yourself speed up. Nulman's ghost hits you!!
You die...

..###..##.....##...##......####
#..#...#..#...###..............
..........##..####.[...........
...........÷....##.....####..##
.#..#......≈....##.....####.##
#....#.≈.≈≈≈≈≈..O#...O..#....##
..##.#≈≈#≈#≈####...W.#.........
#.≈≈≈≈O≈≈÷≈#...............
#.########@###.#####...##..
...#≈#≈≈≈÷W≈# #)# #..####.
..##.#≈#≈#≈#### #.# #...# ## ..
###≈#≈#≈≈≈≈# #.# #W#..##. .
#≈#≈#≈##≈# #.# ##.###...
#≈#≈#≈≈#≈# #.# ##.## ##..
#≈#≈##≈#≈# #.###..# ...
#≈≈≈##≈#≈# #...[.## .O##
###≈#.≈#≈##.##........#


You could see an ogre and nulman's ghost.

Vanquished Creatures
  The ghost of nulman the Chopper, an amateur HOMo (D:3)
  6 big kobolds (Sewer)
  A scorpion (D:4)
  Jessica (D:3)
  Robin (D:2)
  3 gnolls (D:3)
  11 adders
  3 river rats
  4 oozes (Sewer)
  7 worms
  2 dart slugs
  A leopard gecko (D:2)
  10 orcs
  A giant cockroach (D:1)
  16 goblins
  8 hobgoblins
  4 jackals (D:2)
  6 ball pythons
  9 bats
  4 frilled lizards
  14 kobolds
  10 rats
123 creatures vanquished.

Vanquished Creatures (others)
  10 fulminant prisms
10 creatures vanquished.

Grand Total: 133 creatures vanquished

Notes
Turn   | Place    | Note
-------+----------+-------------------------------------------
     0 | D:1      | Revguard the Draconian Conjurer began the quest for the Orb.
     0 | D:1      | Reached XP level 1. HP: 14/14 MP: 3/3
   419 | D:1      | Reached XP level 2. HP: 20/20 MP: 0/5
   423 | D:1      | Learned a level 2 spell: Searing Ray
  1076 | D:2      | Reached XP level 3. HP: 27/27 MP: 3/6
  1181 | D:2      | Noticed Robin
  1270 | D:2      | Killed Robin
  1270 | D:2      | Reached skill level 1 in Polearms
  1270 | D:2      | Reached XP level 4. HP: 12/34 MP: 2/7
  1453 | D:2      | Reached skill level 1 in Fighting
  1884 | D:3      | Learned a level 4 spell: Fulminant Prism
  1905 | D:3      | Noticed Jessica
  1914 | D:3      | Killed Jessica
  2052 | D:3      | Reached XP level 5. HP: 16/40 MP: 0/8
  2725 | D:3      | Noticed nulman's ghost (amateur HOMo)
  2758 | D:3      | Killed nulman's ghost
  2758 | D:3      | Reached skill level 1 in Hexes
  2758 | D:3      | Reached XP level 6. HP: 18/48 MP: 0/10
  3191 | D:4      | Found a glowing drain.
  3197 | Sewer    | Entered a sewer
  3565 | Sewer    | Reached skill level 5 in Conjurations
  3577 | Sewer    | Your scales start taking on a rich purple colour.
  3577 | Sewer    | Reached XP level 7. HP: 30/56 MP: 0/13
  3787 | Sewer    | Paralysed by fainting for 9 turns
  4648 | D:4      | Noticed nulman's ghost (amateur TrAK)
  4723 | D:4      | HP: 1/57 [nulman's ghost (2)]
  4733 | D:4      | Demolished by nulman's ghost

Skill      XL: |  1  2  3  4  5  6  7 |
---------------+----------------------+-----
Dodging        | 2 3 |  3.5
Polearms       | 1 2 3 4 |  4.1
Stealth        | 2 |  2.6
Fighting       | 1 2 3 |  3.3
Hexes          | 1 2 |  2.8
Spellcasting   | 4 |  4.5
Conjurations   | 5 |  5.1
Evocations     | |  0.6

Action                   |  1- 3 |  4- 6 |  7- 9 || total
-------------------------+-------+-------+-------++-------
Melee: Spear             |    48 |   115 |   198 ||   361
       Tailslap          |       |     6 |    11 ||    17
 Cast: Magic Dart        |    27 |    51 |    17 ||    95
       Searing Ray       |     7 |    15 |    10 ||    32
       Fulminant Prism   |       |     2 |     8 ||    10
 Abil: Breathe Dispellin |       |       |     1 ||     1
Evoke: Wand              |     6 |     1 |       ||     7
  Use: Potion            |       |     3 |     2 ||     5
       Scroll            |       |       |     9 ||     9
 Stab: Sleeping          |     1 |     1 |       ||     2
  Eat: Ration            |     2 |     1 |       ||     3
       Chunk             |       |       |     7 ||     7
Armor: Skin              |    30 |    36 |    62 ||   128
Dodge: Dodged            |    52 |   102 |   139 ||   293
